 Dungeon Crawl Stone Soup version 0.32-a0-132-g2d33c3cfaf (webtiles) character file.

Game seed: 4199987072933477617

1501019 Ge0ff the Fey Mummy (level 27, 210/210 HPs)
             Began as a Mummy Reaver on Feb 8, 2024.
             Was a Follower of Yredelemnul.
             Escaped with the Orb
             ... and 3 runes on Feb 9, 2024!
             The game lasted 03:35:22 (91322 turns).

Ge0ff the Fey Mummy (Mummy Reaver)                 Turns: 91322, Time: 03:35:23

Health: 210/210    AC: 32    Str: 29    XL:     27
Magic:  42/42      EV: 23    Int: 15    God:    Yredelemnul [*.....]
Gold:   4061       SH: 15    Dex: 13    Spells: 31/57 levels left

rFire   + . .        a - +9 trident (distort)
rCold   + + .        G - +2 kite shield {reflect}
rNeg    + + +        u - +2 plate armour {rF+}
rPois   ∞            A - +2 hat of the Bear Spirit {Spirit, Bear, *Rage Will++}
rElec   +            E - +4 dragonskin cloak
rCorr   .            D - +0 pair of gloves "Echapede" {rElec rC+ Str+3}
SInv    .            R - +2 pair of boots of Ydu Toz {Dex+2}
Will    +++++        H - amulet of regeneration Stlth
                     Q - ring of the Hare {EV+10, =R}
HPRegen 1.35/turn    X - ring of protection from fire
MPRegen 0.28/turn

%: reflection, guardian spirit, faith
@: no status effects
A: cold resistance 1, negative energy resistance 3, torment resistance 2, heat
vulnerability 1, in touch with death 2, no potions, faith
0: Orb of Zot
}: 3/15 runes: decaying, serpentine, silver
a: Renounce Religion, Recall Undead Harvest


You escaped.
You worshipped Yredelemnul.
Yredelemnul was pleased with you.
You visited 12 branches of the dungeon, and saw 56 of its levels.
You visited the Abyss 1 time.

You collected 10064 gold pieces.
You spent 6003 gold pieces at shops.

Inventory:

Hand Weapons
 a - a +9 trident of distortion (weapon)
 b - a +9 heavy demon trident
 h - the +5 trident "Ysisek" {freeze, +Blink rF+ rN+ Will+}
   (You took it off a draconian knight on level 2 of the Realm of Zot)

   rF+:       It protects you from fire.
   rN+:       It protects you from negative energy.
   Will+:     It increases your willpower.
   +Blink:    It lets you blink.
 o - the +9 demon trident of Moderation {drain, Will- Str+6}
   (You acquired it on level 8 of the Dungeon)

   Str+6:     It affects your strength (+6).
   Will-:     It decreases your willpower.
 K - a +1 demon trident of draining
 Z - a +0 vampiric trident
Missiles
 q - 7 atropa-tipped darts
 v - 7 curare-tipped darts {=F}
 I - 23 javelins
 M - 9 silver javelins
 S - 8 datura-tipped darts {=F}
 W - 17 boomerangs (quivered)
Armour
 u - a +2 plate armour of fire resistance (worn)
 A - the +2 hat of the Bear Spirit (worn) {Spirit, Bear, *Rage Will++}
   (You found it on level 1 of the Depths)

   Bear:      Going berserk makes the wearer exceptionally tough, and they are
   slowed for a shorter time afterward.
   Will++:    It greatly increases your willpower.
   *Rage:     It berserks you when you make melee attacks (+20% chance).
 D - the +0 pair of gloves "Echapede" (worn) {rElec rC+ Str+3}
   (You found it on level 3 of the Elven Halls)

   Str+3:     It affects your strength (+3).
   rC+:       It protects you from cold.
   rElec:     It insulates you from electricity.
 E - the +4 dragonskin cloak (worn)
   (You found it on level 2 of the Realm of Zot)

   Avatar's Aegis: It grants the wearer a chance to resist fire, cold, poison,
   electricity, acid, and negative energy.
 G - a +2 kite shield of reflection (worn)
 R - the +2 pair of boots of Ydu Toz (worn) {Dex+2}
   (You found it on level 3 of the Swamp)

   Dex+2:     It affects your dexterity (+2).
Jewellery
 c - a +6 ring of strength
 i - an amulet of reflection
 k - a ring of resist corrosion
 x - a ring of see invisible
 H - an amulet of regeneration (around neck)
 N - a +4 ring of protection
 Q - the ring of the Hare (left hand) {EV+10, =R}
   (You found it on level 4 of the Vaults)

   [ring of evasion]

   EV+10:     It affects your evasion (+10).
 X - a ring of protection from fire (right hand)
 Y - a ring of flight
Wands
 d - a wand of digging (4)
 e - a wand of charming (8)
 f - a wand of flame (119)
 r - a wand of roots (14)
 s - a wand of mindburst (10)
 P - a wand of polymorph (42)
Scrolls
 m - 4 scrolls of revelation
 y - 6 scrolls of immolation
 C - 3 scrolls of poison
 F - a scroll of fog
 L - 2 scrolls of enchant armour
 T - 24 scrolls of teleportation
 V - 6 scrolls of vulnerability
Miscellaneous
 l - a lightning rod (4/4)
 n - a phial of floods
 t - a tin of tremorstones (2/2)
 O - a sack of spiders
 U - a phantom mirror (inert)


   Skills:
 - Level 15.9 Fighting
 - Level 15.9 Polearms
 - Level 15.9 Throwing
 - Level 15.9 Armour
 - Level 14.6 Dodging
 - Level 15.9 Shields
 - Level 15.9 Spellcasting
 - Level 3.4 Conjurations
 - Level 2.4 Summonings
 - Level 2.7 Necromancy
 - Level 7.0 Translocations
 - Level 7.0 Earth Magic
 - Level 2.3 Alchemy
 - Level 15.9 Invocations
 * Level 13.0 Evocations


You had 31 spell levels left.
You knew the following spells:

 Your Spells              Type           Power      Damage    Failure   Level
d - Iskenderun's Mystic   Conj/Tloc      27%        2d7       41%         4
g - Apportation           Tloc           64%        N/A       2%          1
j - Lesser Beckoning      Tloc           64%        N/A       3%          2
m - Martyr's Knell        Necr/Summ      44%        N/A       78%         4
w - Passwall              Erth           32%        N/A       7%          3
y - Yara's Violent Unrav  Hex/Alch       7%         3d5       100%        5
B - Blink                 Tloc           64%        N/A       3%          2
E - Irradiate             Conj/Alch      10%        3d15      97%         5

Your spell library contained the following spells:

 Spells                   Type           Power      Damage    Failure   Level
 Sandblast                Erth           64%        2d14      2%          1
 Momentum Strike          Conj/Tloc      54%        3d9       7%          2
 Gell's Gravitas          Tloc           32%        N/A       7%          3
 Teleport Other           Tloc           32%        N/A       7%          3
 Magic Dart               Conj           88%        1d7       10%         1
 Kiss of Death            Conj/Necr      100%       2d13      11%         1
 Sting                    Conj/Alch      80%        1d8       12%         1
 Necrotise                Necr           100%       1d9       13%         1
 Summon Small Mammal      Summ           76%        N/A       14%         1
 Stone Arrow              Conj/Erth      54%        3d10      14%         3
 Call Imp                 Summ           38%        N/A       22%         2
 Passage of Golubria      Tloc           32%        N/A       22%         4
 Cigotuvi's Dreadful Rot  Necr/Alch/Air  76%        N/A       30%         2
 Slow                     Hex            44%        N/A       36%         1
 Mercury Vapours          Alch/Air       30%        N/A       36%         2
 Vampiric Draining        Necr           45%        2d9       36%         3
 Call Canine Familiar     Summ           19%        N/A       38%         3
 Brom's Barrelling Bould  Conj/Erth      27%        2d5       41%         4
 Mephitic Cloud           Conj/Alch/Air  17%        N/A       47%         3
 Dazzling Flash           Conj/Hex       34%        N/A       50%         3
 Hailstorm                Conj/Ice       17%        3d6       50%         3
 Animate Armour           Summ/Erth      52%        N/A       50%         4
 Leda's Liquefaction      Alch/Erth      12%        N/A       50%         4
 Petrify                  Alch/Erth      25%        N/A       50%         4
 Jinxbite                 Hex            22%        N/A       52%         2
 Scorch                   Fire           22%        2d5       52%         2
 Lee's Rapid Deconstruct  Erth           16%        3d10*     52%         5
 Dimensional Bullseye     Hex/Tloc       11%        N/A       67%         4
 Vhi's Electric Charge    Tloc/Air       44%        N/A       67%         4
 Confusing Touch          Hex            11%        N/A       75%         3
 Frozen Ramparts          Ice            22%        1d4       75%         3
 Inner Flame              Hex/Fire       11%        N/A       75%         3
 Sigil of Binding         Hex            11%        N/A       75%         3
 Tukima's Dance           Hex            11%        N/A       75%         3
 Borgnjor's Vile Clutch   Necr/Erth      28%        N/A       82%         5
 Olgreb's Toxic Radiance  Alch           18%        N/A       83%         4
 Flame Wave               Conj/Fire      17%        2d7       88%         4
 Anguish                  Hex/Necr       18%        N/A       91%         4
 Summon Blazeheart Golem  Fire/Summ      15%        N/A       93%         4
 Summon Lightning Spire   Summ/Air       15%        N/A       93%         4
 Iskenderun's Battlesphe  Conj           22%        2d8       95%         5
 Cause Fear               Hex            5%         N/A       98%         4
 Curse of Agony           Necr           45%        N/A       98%         5
 Alistair's Intoxication  Alch           12%        N/A       99%         5
 Arcjolt                  Conj/Air       8%         1d18      99%         5
 Metabolic Englaciation   Hex/Ice        5%         N/A       100%        5
 Silence                  Hex/Air        5%         N/A       100%        5
 Bombard                  Conj/Erth      13%        9d3       100%        6
 Conjure Ball Lightning   Conj/Air       8%         3x3d6     100%        6
 Eringya's Noxious Bog    Alch           9%         4d6       100%        6
 Plasma Beam              Fire/Air       5%         2x1d16    100%        6
 Summon Cactus Giant      Summ           9%         N/A       100%        6
 Enfeeble                 Hex            5%         N/A       100%        7
 Haunt                    Necr/Summ      22%        N/A       100%        7
 Spellforged Servitor     Conj/Summ      10%        N/A       100%        7
 Discord                  Hex            5%         N/A       100%        8
 Disjunction              Tloc           16%        N/A       100%        8
 Ignition                 Fire           5%         3d4       100%        8
 Infestation              Necr           22%        N/A       100%        8
 Lehudib's Crystal Spear  Conj/Erth      13%        10d5      100%        8
 Shatter                  Erth           16%        3d15*     100%        9
 Sublimation of Blood     Necr           Unusable   N/A       N/A         2
 Animate Dead             Necr           Unusable   N/A       N/A         4
 Borgnjor's Revivificati  Necr           Unusable   N/A       N/A         8
 Death's Door             Necr           Unusable   N/A       N/A         9

Dungeon Overview and Level Annotations

Branches:
Dungeon (15/15)            Temple (1/1) D:6            Lair (5/5) D:8
  Swamp (4/4) Lair:3        Snake (4/4) Lair:3        Slime (5/5) Lair:5
    Orc (2/2) D:10            Elf (3/3) Orc:2        Vaults (5/5) D:13
  Crypt (3/3) Vaults:2       Tomb (0/3) Crypt:3      Depths (4/4) D:15
    Zot (5/5) Depths:4

Altars:
Ashenzari
Cheibriados
Dithmenos
Fedhas
Gozag
Hepliaklqana
Kikubaaqudgha
Makhleb
Nemelex Xobeh
Okawaru
Qazlal
Ru
Sif Muna
Trog
Uskayaw
Vehumet
Wu Jian
Xom
Yredelemnul
Jiyva

Shops:
D:3 *[!((   D:5 ??*   D:6 =   D:10 ?*:   D:12 [   Orc:1 (   Orc:2 *(*[=
Snake:3 !   Vaults:1 [   Vaults:2 (   Vaults:3 [   Depths:1 ::=   Depths:2 [
Depths:4 !

Portals:
Hell: Depths:1 Depths:2 Depths:3 Depths:4
Abyss: Depths:3 Depths:4
Pandemonium: Depths:2 Depths:4
Ziggurat: Depths:4
Trove: D:15 (give +3 storm dragon scales)

Annotations:
Crypt:3 Mennas
Zot:3 2 transporters
Zot:4 1 transporter, Boris
Abyss:1 Dissolution, Royal Jelly


Innate Abilities, Weirdness & Mutations

You are immune to poison.
Your flesh is cold resistant. (rC+)
You are immune to negative energy. (rN+++)
You are immune to unholy pain and torment.
You are vulnerable to heat. (rF-)
You are strongly in touch with the powers of death.
You do not drink.
You have a special connection with the divine. (Faith)


Message History

Your bound Orb Guardian hits the seraph but does no damage.
The seraph hits your bound Orb Guardian with a +5 great sword of flaming!
The seraph burns your bound Orb Guardian.
The seraph closely misses your bound Orb Guardian.
Use which ability? (? or * to list)
You begin recalling your allies.
Your bound Orb Guardian is recalled.
You finish recalling your allies.
The seraph gestures.
You swap places.
The daeva calls down the wrath of the Shining One upon you.
The Shining One smites you!
There is a stone staircase leading up here.
You climb upwards.
There is a stone staircase leading down here.
HP restored.
Magic restored.
There is a stone staircase leading up here.
You climb upwards.
There is a stone staircase leading down here.
There is a stone staircase leading up here.
You climb upwards.
There is a stone staircase leading down here.
You see here a +0 hand axe.
There is a stone staircase leading up here.
You climb upwards.
There is a stone staircase leading down here.
You swap places.
Things that are here:
a +0 leather armour; a +0 club; a +0 club A demonspawn corrupter, a shadow demon and a demonspawn blood saint come into view.
There is a stone staircase leading up here.
The shadow demon croaks.
The demonspawn blood saint shouts!
You climb upwards.
There is a stone staircase leading down here. 3 golden eyes come into view.
A golden eye comes into view.
The golden eye turns its gaze towards you. x4
The golden eye blinks at you. You resist with almost no effort.
The golden eye blinks at you. You resist with almost no effort.
The golden eye blinks!
The golden eye blinks at you. You resist with almost no effort.
There is a staircase leading out of the dungeon here.
Your bound Orb Guardian closely misses the golden eye.
The golden eye blinks at you. You resist with almost no effort.
You have escaped!

.# #...÷..................# .#
#......................# .#######
#......................# .......#
#......................# .#####.#
#....P..P...............
.#####.####..≈G≈≈≈≈.P..P....§....
.##......##.....Z..≈≈≈≈§≈.P§§P§..
.##.##...##....GG........≈≈≈§§§..
.......#.##.....@...........§§...
###.#........G...........≈§≈≈≈≈..
....#..#.##........§≈≈≈§≈.P..P..#
###.......#..≈≈≈≈§≈.P..P........#
..#.#.........P..P...............
..#.#..#..#......................
.................................
..........#......................
..#.#.#...#......................


You could see 4 golden eyes and a friendly bound Orb Guardian.

Vanquished Creatures
  2 dread liches
  Khufu (Crypt:3)
  An ancient lich (Zot:5)
  3 orbs of fire (Zot:5)
  3 Killer Klowns (Zot:5)
  Boris (Vaults:5)
  2 curse toes
  Vashnia (Snake:3)
  A caustic shrike (Zot:2)
  8 golden dragons
  Nikola (Snake:3)
  Norris (Vaults:4)
  A profane servitor (Abyss:3)
  A bone dragon (Zot:2)
  3 Tzitzimimeh (Zot:1)
  3 electric golems
  A doom hound (Zot:2)
  Jorgrun (Swamp:1)
  7 liches
  11 tentacled monstrosities
  The ghost of Karaet the Executioner, an adept MiFi of Gozag (Swamp:2)
  A deep elf blademaster (Elf:3)
  10 Orb Guardians
  Grunn (Zot:2)
  10 acid blobs
  A walking earthen tome (Depths:4)
  5 sphinxes
  A titan (Depths:3)
  4 quicksilver dragons
  Gastronok (Lair:2)
  2 death cobs
  An Executioner (Zot:1)
  3 tentacled starspawn (Abyss:3)
  4 ancient champions (Crypt:2)
  13 storm dragons
  5 tengu reavers
  A revenant (Crypt:2)
  12 fire giants
  5 shadow dragons
  An azure jelly (Slime:5)
  3 rockslimes (Slime:5)
  2 protean progenitors (Zot:1)
  2 draconian scorchers
  3 draconian knights
  2 draconian shifters
  5 deep elf sorcerers (Elf:3)
  7 ghouls
  2 nagarajas (Snake:4)
  A caustic shrike zombie (Crypt:3)
  8 frost giants
  A draconian monk (Zot:5)
  Louise (Elf:2)
  3 ghost moths
  A balrug (Zot:5)
  9 vault wardens
  A juggernaut zombie (Crypt:1)
  3 curse skulls
  2 draconian stormcallers
  14 very ugly things
  A reaper (Zot:2)
  A spriggan defender (Depths:2)
  A draconian annihilator (Zot:3)
  9 ironbound preservers
  7 stone giants
  4 eleionomae
  8 vampire knights
  6 quicksilver oozes
  5 deep elf demonologists
  2 ironbound thunderhulks
  3 green draconians
  A starflower (Abyss:3)
  A spectral human (Vaults:4)
  4 black draconians
  3 bunyips
  5 deep elf death magi
  4 deep elf annihilators
  A spectral Orb Guardian (Zot:5)
  7 red draconians
  3 putrid mouths
  6 war gargoyles
  6 purple draconians
  3 yellow draconians
  2 white draconians
  4 spark wasps
  3 crystal guardians (Crypt:3)
  2 eidola (Crypt:2)
  8 ettins
  2 jiangshi
  14 yaktaur captains
  2 spriggan zombies
  A green death (Depths:2)
  2 deep elf high priests
  7 great orbs of eyes
  Erolcha (D:13)
  A fire dragon (Depths:1)
  Harold (Orc:1)
  An anaconda (Snake:2)
  7 ice dragons
  2 Orb Guardian zombies (Zot:5)
  20 vault guards
  A salamander tyrant (Snake:4)
  2 spriggan air magi
  9 hydras
  A quicksilver dragon skeleton (Crypt:2)
  2 ghost crabs (Swamp:3)
  6 boulder beetles
  2 ironbound frosthearts
  7 two-headed ogres
  10 centaur warriors
  5 alligators
  22 dancing weapons
  3 ogre magi
  A catoblepas (Lair:5)
  2 deep troll shamans (Depths:4)
  17 naga warriors
  6 death yaks
  2 occultists
  5 vampire magi
  2 tengu warriors
  3 death knights
  3 titan zombies
  5 hell knights (Crypt:3)
  2 spriggan berserkers
  An emperor scorpion zombie (Crypt:1)
  4 thrashing horrors (Abyss:3)
  9 naga sharpshooters
  A shock serpent (shapeshifter) (Vaults:2)
  2 soul eaters
  A titan skeleton (Crypt:3)
  A skyshark (shapeshifter) (Vaults:5)
  2 deep elf knights
  3 shock serpents
  A shadow wraith (Crypt:2)
  3 skysharks (Vaults:4)
  2 spark wasp zombies (Depths:2)
  A salamander mystic (Snake:4)
  An iron troll (Depths:4)
  2 sixfirhies
  4 goliath frogs
  24 deep trolls
  6 flayed ghosts
  7 swamp dragons
  34 skeletal warriors
  12 bog bodies
  7 deep elf archers
  2 arcanists (Vaults:4)
  A bunyip skeleton (Crypt:3)
  4 naga ritualists
  8 lindwurms
  4 sea snakes (Snake:2)
  2 shadow dragon zombies
  A glowing orange brain (Abyss:2)
  9 phantasmal warriors
  4 mana vipers
  A sun moth (D:13)
  7 orc knights
  A harpy (Vaults:1)
  12 ironbound convokers
  A spectral ugly thing (Vaults:4)
  16 ugly things
  A draconian zombie (Zot:5)
  An orc sorcerer (Orc:1)
  A wolf spider zombie (D:15)
  22 deep elf pyromancers
  12 deep elf zephyrmancers
  A stone giant zombie (Crypt:3)
  A harpy (shapeshifter) (Vaults:5)
  8 necromancers
  5 shining eyes
  8 spectral spriggans
  3 manticores
  6 cyclopes
  6 will-o-the-wisps
  Maurice (Orc:2)
  A shadow dragon skeleton (Vaults:3)
  19 elephants
  15 moths of wrath
  A salamander (shapeshifter) (Elf:1)
  15 salamanders
  3 kobold blastminers (Orc:2)
  A water nymph (shapeshifter) (Vaults:5)
  A black mamba (shapeshifter) (Elf:3)
  13 naga magi
  6 guardian serpents
  6 torpor snails (Lair:5)
  23 black mambas
  A draconian skeleton (Crypt:3)
  A gargoyle (D:13)
  A smoke demon (Abyss:3)
  15 vault sentinels
  Joseph (D:8)
  2 unseen horrors
  An elephant slug zombie (Crypt:1)
  An orange demon (Abyss:3)
  A dire elephant skeleton (Crypt:3)
  4 large abominations
  An alligator snapping turtle zombie (Crypt:3)
  An efreet (D:13)
  28 yaktaurs
  11 cane toads
  A tormentor (Depths:4)
  A spectral skyshark (Vaults:4)
  9 freezing wraiths
  3 rime drakes
  4 guardian mummies (Crypt:2)
  2 tengu conjurers
  Psyche (D:11)
  A spectral death drake (Swamp:2)
  A hydra zombie (Crypt:3)
  3 human zombies (Vaults:3)
  A grey draconian skeleton (Crypt:1)
  A harpy zombie (Crypt:3)
  A troll (shapeshifter) (D:13)
  6 trolls
  9 komodo dragons
  4 tyrant leeches
  10 hornets
  2 polar bears
  A raiju (Abyss:2)
  A guardian serpent zombie (Crypt:1)
  16 blink frogs
  A glass eye (Slime:4)
  A human simulacrum (Crypt:1)
  43 slime creatures
  5 dream sheep
  An ice dragon skeleton (Crypt:1)
  3 spriggans
  2 air elementals
  A satyr skeleton (Crypt:2)
  2 shadows
  5 wraiths
  64 yaks
  5 water elementals
  4 wyverns
  3 fire elementals
  2 golden eyes (Slime:5)
  3 basilisks
  4 redbacks
  A steam dragon (Lair:1)
  6 vampire mosquitoes
  2 spriggan simulacra (Swamp:2)
  A warg (Orc:1)
  A chaos spawn (Abyss:3)
  A neqoxec (Abyss:2)
  39 nagas
  7 swamp worms
  An acid dragon (D:9)
  A death drake simulacrum (Swamp:2)
  11 water moccasins
  3 sky beasts
  2 hell hounds (Snake:2)
  5 swamp drakes
  26 orc warriors
  33 laughing skulls
  2 small abominations
  2 black bears
  5 ice beasts
  4 ogres
  9 wolves
  11 centaurs
  A snapping turtle skeleton (Crypt:1)
  Blork the orc (D:5)
  2 kobold brigands
  13 bullfrogs
  An earth elemental (Elf:2)
  2 gnoll sergeants (D:12)
  4 necrophages
  7 scorpions
  4 wights (D:8)
  8 killer bees (D:9)
  5 howler monkeys
  7 electric eels
  A bombardier beetle (D:6)
  A jelly (shapeshifter) (D:11)
  4 jellies
  3 hounds
  13 orc priests
  Crazy Yiuf (D:2)
  A black bear skeleton (Crypt:2)
  An iguana (D:5)
  12 orc wizards
  2 naga skeletons
  A hound zombie (Crypt:2)
  6 mummies
  7 gnolls
  2 adders (D:4)
  A steam dragon skeleton (Crypt:1)
  A swamp drake skeleton (Crypt:1)
  A shadow imp (D:5)
  A white imp (D:5)
  3 ufetubi
  A lava snake skeleton (Crypt:2)
  3 ribbon worms
  3 dart slugs
  50 orcs
  6 ball pythons
  3 bats
  4 endoplasms
  A giant cockroach (D:1)
  4 goblins
  7 hobgoblins
  2 jackals (D:4)
  15 kobolds
  3 quokkas
  3 training dummies (Orc:1)
  A frilled lizard skeleton (Crypt:1)
  3 rats
  A rat skeleton (Crypt:1)
  A lurking horror (Abyss:3)
  A spectral weapon (Zot:5)
1573 creatures vanquished.

Vanquished Creatures (collateral kills)
  2 ancient liches
  An orb of fire (Zot:3)
  Bai Suzhen (Snake:3)
  4 golden dragons
  The ghost of Plog the Imperceptible, a veteran TeGl of Uskayaw (Depths:1)
  2 doom hounds (Zot:2)
  A lich (Depths:3)
  2 titans
  A deep elf blademaster (Elf:3)
  5 tentacled monstrosities
  14 Orb Guardians (Zot:5)
  Asterion (Snake:4)
  2 deep elf master archers (Elf:3)
  3 quicksilver dragons
  An ancient champion (Vaults:2)
  5 sphinxes
  A death cob (Zot:3)
  7 acid blobs
  Aizul (Snake:2)
  2 tengu reavers (Vaults:5)
  6 shadow dragons
  3 storm dragons
  2 nagarajas (Snake:4)
  A draconian monk (Zot:5)
  3 deep elf sorcerers (Elf:3)
  3 rockslimes
  6 azure jellies
  A protean progenitor (Zot:3)
  3 frost giants
  5 fire giants
  3 draconian scorchers
  9 vault wardens
  An orc warlord (Vaults:2)
  2 deep elf elementalists (Elf:3)
  A draconian shifter (Zot:2)
  11 ironbound preservers
  2 quicksilver oozes
  A spriggan defender (Depths:2)
  4 draconian annihilators
  5 stone giants
  A formless jellyfish (Vaults:1)
  2 vampire knights (Depths:2)
  A caustic shrike skeleton (Crypt:2)
  11 green draconians
  4 ironbound thunderhulks
  6 deep elf annihilators
  10 very ugly things
  A deep elf death mage (Vaults:4)
  2 war gargoyles
  2 eleionomae
  6 black draconians
  A deep elf demonologist (Elf:3)
  4 purple draconians
  3 red draconians
  2 white draconians
  7 yellow draconians
  7 spark wasps
  An eidolon (Crypt:1)
  A green death (Depths:2)
  Azrael (Snake:2)
  7 ettins
  6 yaktaur captains
  2 jiangshi (Depths:2)
  An entropy weaver (shapeshifter) (Elf:3)
  2 fire dragons
  A shambling mangrove (Swamp:3)
  2 spectral fenstrider witches (Swamp:2)
  3 rakshasas
  A spriggan zombie (Depths:2)
  9 hydras
  18 vault guards
  A great orb of eyes (Slime:5)
  6 deep elf high priests
  5 salamander tyrants
  2 peacekeepers
  3 ice dragons
  3 ironbound frosthearts
  5 anacondas
  8 centaur warriors
  2 two-headed ogres
  A tengu warrior (D:15)
  3 alligators
  A boulder beetle (D:15)
  26 dancing weapons
  3 death yaks
  11 naga sharpshooters
  4 vampire magi (Depths:2)
  7 naga warriors
  An orc high priest (Elf:1)
  3 spriggan berserkers (Depths:2)
  Sonja (Orc:1)
  A hell knight (Crypt:3)
  10 deep elf knights
  A shock serpent (Snake:4)
  A soul eater (Vaults:2)
  A bunyip zombie (Crypt:3)
  2 skeletal warriors
  2 salamander mystics
  A sixfirhy (D:9)
  A spriggan rider (Swamp:2)
  A mana viper (shapeshifter) (Vaults:5)
  3 spectral spriggans
  A goliath frog (Swamp:4)
  A spriggan druid (Swamp:4)
  9 swamp dragons
  4 mana vipers
  2 sea snakes (Snake:2)
  2 naga ritualists (Snake:4)
  3 ironbound convokers
  8 deep trolls
  2 lindwurms
  A glowing orange brain (Depths:2)
  3 flayed ghosts (Depths:2)
  5 bog bodies
  9 deep elf archers
  5 phantasmal warriors
  17 deep elf zephyrmancers
  3 arcanists
  14 deep elf pyromancers
  6 necromancers
  3 orc knights
  3 harpies
  A shining eye (Slime:4)
  13 ugly things
  2 will-o-the-wisps (Swamp:4)
  2 manticores (Lair:5)
  A shadow dragon skeleton (Vaults:1)
  2 cyclopes
  15 salamanders
  16 black mambas
  10 elephants
  5 moths of wrath
  A centaur zombie (D:15)
  A human skeleton (Vaults:1)
  4 guardian serpents
  6 vault sentinels
  9 naga magi
  3 eyes of devastation (Slime:5)
  A kobold blastminer (Orc:2)
  An unseen horror (shapeshifter) (Elf:3)
  8 cane toads
  A rime drake (Lair:5)
  20 yaktaurs
  2 komodo dragons (Lair:5)
  A redback zombie (D:15)
  An unseen horror (D:10)
  3 tengu conjurers
  A wind drake (Zot:2)
  5 hornets
  2 polar bears (Lair:4)
  2 blink frogs (Lair:2)
  A glass eye (Slime:5)
  3 tyrant leeches
  4 dream sheep
  A harpy skeleton (Crypt:3)
  2 black mamba zombies (Snake:4)
  An ettin zombie (Vaults:1)
  2 spriggans
  40 slime creatures
  8 water elementals
  An air elemental (Elf:3)
  A wraith (D:14)
  A basilisk (Lair:5)
  A golden eye (Slime:5)
  10 yaks
  7 redbacks
  2 vampire mosquitoes (D:12)
  A warg (D:15)
  7 fire elementals
  8 swamp worms
  36 nagas
  An acid dragon (shapeshifter) (Elf:2)
  A water moccasin (Lair:4)
  A hell hound (Snake:2)
  7 orc warriors
  5 swamp drakes (Swamp:4)
  3 elf zombies
  An ettin simulacrum (Crypt:2)
  4 ogres (D:15)
  2 laughing skulls (D:13)
  A spriggan simulacrum (Swamp:2)
  2 wolves (Lair:4)
  4 centaurs
  2 human zombies
  5 bullfrogs
  2 earth elementals (Elf:1)
  A yak zombie (Lair:5)
  2 electric eels
  5 orc priests
  4 hell rats (Lair:4)
  2 orc wizards
  5 gnolls
  24 orcs
  A bat zombie (Crypt:2)
836 creatures vanquished.

Vanquished Creatures (others)
  An orb of fire (Zot:5)
  A spectral hydra (Vaults:1)
  A golden dragon (Zot:5)
  3 spectral tentacled monstrosities
  A spectral rockslime (Slime:5)
  A fire giant (Depths:3)
  A spectral orc (Snake:3)
  A draconian shifter (Zot:5)
  A draconian knight (Depths:4)
  2 draconian monks
  A spectral iron giant (Depths:2)
  A caustic shrike zombie (Zot:2)
  4 draconian annihilators
  A Killer Klown zombie (Zot:5)
  A deep elf demonologist (Elf:3)
  2 spectral quicksilver dragons
  2 spectral golden dragons
  A spectral eleionoma (Swamp:4)
  A black draconian (Zot:3)
  A purple draconian (Zot:2)
  2 red draconians (Zot:5)
  A yellow draconian (Zot:5)
  A white draconian (Zot:1)
  4 acid blob zombies
  10 very ugly thing zombies
  4 spectral humans
  A spectral dire elephant (Orc:2)
  5 quicksilver dragon zombies
  2 spectral storm dragons
  A spectral tengu (Vaults:5)
  5 Orb Guardian zombies (Zot:5)
  5 sphinx zombies
  A spectral draconian (Zot:5)
  A titan zombie (Depths:4)
  4 guardian serpent zombies
  A spectral protean progenitor (Zot:1)
  A spectral sixfirhy (Depths:2)
  A quicksilver ooze zombie (Slime:5)
  An azure jelly zombie (Slime:5)
  A shock serpent (Snake:3)
  3 storm dragon zombies
  A salamander mystic (Snake:3)
  A spectral reaper (Zot:2)
  A spectral yaktaur (Vaults:4)
  4 anaconda zombies
  A bunyip zombie (Swamp:2)
  3 golden dragon zombies
  7 spark wasp zombies
  An alligator zombie (Swamp:3)
  A swamp dragon (Swamp:3)
  A lindwurm (Vaults:2)
  10 ugly thing zombies
  An eleionoma zombie (Swamp:4)
  A deep elf zephyrmancer (Elf:3)
  2 shadow dragon zombies
  2 goliath frog zombies
  8 fire giant zombies
  A spectral elf (D:13)
  A frost giant zombie (Depths:4)
  A spectral ugly thing (Vaults:4)
  A will-o-the-wisp (Swamp:3)
  A moth of wrath (Zot:3)
  2 draconian zombies
  2 stone giant zombies
  A black mamba (Snake:4)
  A naga mage (Snake:3)
  3 shock serpent zombies
  4 mana viper zombies
  3 death yak zombies
  A spectral soul eater (Crypt:2)
  2 black draconian zombies
  A white draconian zombie (Zot:5)
  A purple draconian zombie (Zot:3)
  5 green draconian zombies
  An iron troll zombie (Depths:4)
  An unseen horror zombie (D:12)
  3 yellow draconian zombies
  3 redback zombies
  5 red draconian zombies
  3 sea snake zombies (Snake:2)
  2 great orb of eyes zombies
  6 swamp worm zombies
  2 harpy zombies
  4 bloated husks
  5 hydra zombies
  6 ettin zombies
  9 moth of wrath zombies
  A fire dragon zombie (Depths:4)
  26 black mamba zombies
  5 ice dragon zombies
  22 slime creature zombies
  A spectral orange demon (Abyss:3)
  11 spriggan zombies
  A warg (Snake:2)
  2 tyrant leech zombies
  5 tengu zombies
  15 deep troll zombies
  A two-headed ogre zombie (D:12)
  A skyshark zombie (Vaults:5)
  2 nagas (Snake:3)
  A spectral smoke demon (Abyss:3)
  3 cane toad zombies
  53 elf zombies
  7 hornet zombies
  3 orc warriors
  8 swamp dragon zombies
  A dream sheep zombie (Lair:3)
  An ogre (Snake:2)
  5 blink frog zombies
  4 elephant zombies
  A spectral chaos spawn (Abyss:3)
  A rime drake zombie (Lair:3)
  31 yaktaur zombies
  A komodo dragon zombie (Lair:2)
  2 kobold zombies (Orc:2)
  13 salamander zombies
  A hell hound zombie (Snake:2)
  A warg zombie (D:15)
  4 cyclops zombies
  3 water moccasin zombies (Lair:5)
  A raiju zombie (Abyss:2)
  69 human zombies
  2 troll zombies
  13 yak zombies
  6 wolf zombies
  13 centaur zombies
  A basilisk zombie (D:12)
  7 bullfrog zombies
  An orc priest (D:4)
  A gnoll bouda (D:5)
  An iguana (D:5)
  Ijyb (D:5)
  An orc wizard (D:3)
  A killer bee zombie (D:9)
  61 naga zombies
  5 ogre zombies
  A hell rat zombie (Lair:4)
  A steam dragon zombie (Lair:1)
  4 swamp drake zombies
  3 orcs (Snake:2)
  7 gnoll zombies (D:12)
  43 orc zombies
  3 spectral ufetubi
  35 foxfires
  6 starspawn tentacles (Abyss:3)
733 creatures vanquished.

Grand Total: 3142 creatures vanquished

Notes
Turn   | Place    | Note
-------+----------+-------------------------------------------
     0 | D:1      | Ge0ff the Mummy Reaver began the quest for the Orb.
     0 | D:1      | Reached XP level 1. HP: 16/16 MP: 4/4
   242 | D:1      | Reached XP level 2. HP: 22/22 MP: 5/5
   999 | D:2      | Reached XP level 3. HP: 27/27 MP: 7/7
  1673 | D:2      | Found a runed translucent door.
  1674 | D:2      | Noticed Crazy Yiuf
  1894 | D:3      | Reached skill level 1 in Shields
  1894 | D:3      | Reached XP level 4. HP: 33/33 MP: 8/8
  2103 | D:3      | Found Darchera's Distillery.
  2108 | D:3      | Found Fadu's Antique Weapon Emporium.
  2116 | D:3      | Found Obaat's Weapon Shoppe.
  2281 | D:3      | Reached XP level 5. HP: 16/38 MP: 9/9
  2381 | D:3      | Found a shadowy altar of Dithmenos.
  2387 | D:3      | Found a shimmering altar of Xom.
  2609 | D:3      | Found Fuaclergh's Assorted Antiques.
  2760 | D:3      | Found Fovudgh's Antique Armour Shoppe.
  3246 | D:3      | Bought a scroll labelled JOUGEGU KAPSY for 26 gold pieces
  3246 | D:3      | Bought a scroll labelled RAUPNA XOFE for 26 gold pieces
  3246 | D:3      | Bought a long ivory wand for 104 gold pieces
  3380 | D:4      | Reached XP level 6. HP: 22/44 MP: 10/10
  3560 | D:4      | Reached skill level 5 in Polearms
  3560 | D:4      | Reached skill level 1 in Armour
  4634 | D:5      | Entered Level 5 of the Dungeon
  4660 | D:5      | Reached XP level 7. HP: 20/51 MP: 11/11
  4666 | D:5      | Found Vaw Bathua's Magic Scroll Shoppe.
  4867 | D:5      | Noticed Ijyb
  4893 | D:5      | Your ally Ijyb died
  5257 | D:5      | Found Zyety's Magic Scroll Shoppe.
  5688 | D:5      | Found a broken altar of Ashenzari.
  5990 | D:5      | Noticed Blork the orc
  6007 | D:5      | Killed Blork the orc
  6182 | D:5      | Found Agonkabu's Assorted Antiques.
  6190 | D:5      | Bought a scroll labelled FUMEAF UMANAE for 27 gold pieces
  6497 | D:6      | Reached XP level 8. HP: 58/60 MP: 12/12
  6782 | D:6      | Found a staircase to the Ecumenical Temple.
  6790 | Temple   | Entered the Ecumenical Temple
  7807 | D:5      | Reached skill level 5 in Fighting
  8270 | D:6      | Found Hetet's Jewellery Emporium.
  8539 | D:7      | Reached XP level 9. HP: 44/68 MP: 13/13
  8890 | D:7      | Reached skill level 5 in Shields
  9203 | D:5      | Bought a scroll of brand weapon for 104 gold pieces
  9203 | D:5      | Bought a scroll of noise for 11 gold pieces
  9880 | D:8      | Noticed Joseph
  9892 | D:8      | Killed Joseph
  9992 | D:8      | Noticed a rime drake
 10023 | D:8      | Killed a rime drake
 10167 | D:8      | Reached XP level 10. HP: 74/79 MP: 14/14
 10478 | D:8      | Reached skill level 10 in Polearms
 10618 | D:3      | Bought a pair of embroidered gloves for 150 gold pieces
 11096 | D:8      | Identified 2 scrolls of acquirement
 11096 | D:8      | Acquired the -2 pair of gloves of Evolution {rPois Will+
                  | Str+3 Dex+3}
 11097 | D:8      | Acquired the +9 demon trident of Moderation {drain, Will-
                  | Str+6}
 11131 | D:8      | Found a staircase to the Lair.
 11307 | D:8      | Found a stormy altar of Qazlal.
 12174 | D:9      | Found a hazy altar of Hepliaklqana.
 12179 | D:9      | Found a basalt altar of Yredelemnul.
 12183 | D:9      | Became a worshipper of Yredelemnul the Dark
 12211 | D:9      | Noticed a two-headed ogre
 12217 | D:9      | Killed a two-headed ogre
 12217 | D:9      | Reached * piety under Yredelemnul
 12286 | D:9      | Reached ** piety under Yredelemnul
 12296 | D:9      | Reached XP level 11. HP: 65/87 MP: 15/15
 12395 | D:9      | Reached *** piety under Yredelemnul
 12602 | D:9      | Reached **** piety under Yredelemnul
 12890 | D:9      | Reached ***** piety under Yredelemnul
 12891 | D:9      | Reached skill level 1 in Invocations
 13143 | D:5      | Bought a scroll of revelation for 82 gold pieces
 13143 | D:5      | Bought a scroll of identify for 22 gold pieces
 13308 | D:10     | Entered Level 10 of the Dungeon
 13316 | D:10     | Found Cedatoy's Magic Scroll Emporium.
 13319 | D:10     | Bought a scroll of poison for 64 gold pieces
 13324 | D:10     | Found a staircase to the Orcish Mines.
 13354 | D:10     | Found an ancient bone altar of Kikubaaqudgha.
 13619 | D:10     | Found Kueggomnoi's General Store.
 13627 | D:10     | Bought a scroll of poison for 52 gold pieces
 13638 | D:10     | Found a sparkling altar of Nemelex Xobeh.
 14013 | D:10     | Found Cotwefuk's Book Boutique.
 14412 | D:11     | Noticed a two-headed ogre
 14418 | D:11     | Killed a two-headed ogre
 14428 | D:11     | Noticed Psyche
 14434 | D:11     | Killed Psyche
 14439 | D:11     | Noticed a two-headed ogre
 14450 | D:11     | Killed a two-headed ogre
 14461 | D:11     | Noticed a two-headed ogre
 14469 | D:11     | Killed a two-headed ogre
 14600 | D:11     | Your ally Psyche died
 14781 | D:11     | Noticed a two-headed ogre
 14791 | D:11     | Killed a two-headed ogre
 14792 | D:11     | Reached XP level 12. HP: 55/97 MP: 16/16
 14929 | D:11     | Noticed an ogre mage
 14929 | D:11     | Noticed a centaur warrior
 14940 | D:11     | Killed a centaur warrior
 14941 | D:11     | Reached skill level 10 in Fighting
 14944 | D:11     | Killed an ogre mage
 15328 | D:11     | Reached skill level 5 in Armour
 15547 | Lair:1   | Entered Level 1 of the Lair of Beasts
 15895 | Lair:1   | Reached skill level 5 in Invocations
 16814 | Lair:2   | Noticed an eight-headed hydra
 16830 | Lair:1   | Killed an eight-headed hydra
 17064 | Lair:2   | Noticed Gastronok
 17090 | Lair:2   | Killed Gastronok
 17091 | Lair:2   | Reached ****** piety under Yredelemnul
 17364 | Lair:2   | You fall into a shaft and drop 2 floors!
 17366 | Lair:4   | Noticed a boulder beetle
 17366 | Lair:4   | Noticed a six-headed hydra
 17378 | Lair:5   | Entered Level 5 of the Lair of Beasts
 17378 | Lair:5   | Noticed a five-headed hydra
 17404 | Lair:4   | Gained mutation: You are strongly in touch with the powers
                  | of death. [Mummy growth]
 17404 | Lair:4   | Reached XP level 13. HP: 36/103 MP: 17/17
 17991 | Lair:4   | Found an iron altar of Okawaru.
 18192 | Lair:3   | Reached skill level 1 in Evocations
 18631 | Lair:2   | Identified the +6 falchion of Urhy {flame, rCorr}
 19542 | Lair:3   | Found a staircase to the Snake Pit.
 19709 | Lair:3   | Reached XP level 14. HP: 113/113 MP: 20/20
 19975 | Lair:3   | Found a staircase to the Swamp.
 20803 | Lair:5   | Found a staircase to the Slime Pits.
 21298 | Lair:5   | Reached skill level 10 in Invocations
 22882 | D:2      | Killed Crazy Yiuf
 23060 | Orc:1    | Entered Level 1 of the Orcish Mines
 23060 | Orc:1    | Noticed Sonja
 23063 | Orc:1    | Killed Sonja
 23267 | Orc:1    | Reached XP level 15. HP: 124/124 MP: 23/23
 23397 | Orc:2    | Entered Level 2 of the Orcish Mines
 24237 | Orc:2    | Found Amequojo's Jewellery Shop.
 24476 | Orc:2    | Found a staircase to the Elven Halls.
 24481 | Orc:2    | Noticed Maurice
 24505 | Orc:2    | Something stole a +1 spear of freezing
 24507 | Orc:2    | Killed Maurice
 24897 | Orc:2    | Found Cosuregu's Assorted Antiques.
 24897 | Orc:2    | Found Eclibadgh's Antique Weapon Boutique.
 24899 | Orc:2    | Found Ufurorgh's Assorted Antiques.
 24901 | Orc:2    | Found Cunaigh's Armour Shoppe.
 24908 | Orc:2    | Bought a scroll of immolation for 104 gold pieces
 24908 | Orc:2    | Bought a scroll of vulnerability for 104 gold pieces
 24908 | Orc:2    | Bought a scroll of teleportation for 78 gold pieces
 24913 | Orc:2    | Bought a +1 scale mail of fire resistance for 192 gold
                  | pieces
 25083 | Orc:1    | Noticed Harold
 25096 | Orc:1    | Killed Harold
 25281 | Orc:1    | Found Gotsiy's Firing Range.
 25286 | Orc:1    | Bought 2 throwing nets for 66 gold pieces
 25990 | D:12     | Found Icyamat's Armour Shop.
 25995 | D:12     | Bought a +2 helmet of see invisible for 387 gold pieces
 26379 | D:13     | Noticed Nessos
 26515 | D:13     | Found a gate to the Vaults.
 26533 | D:13     | Reached skill level 1 in Throwing
 26804 | D:13     | Noticed Erolcha
 26814 | D:13     | Killed Erolcha
 27142 | D:13     | Nessos changed into Nessos the sun moth
 27142 | D:13     | Noticed Nessos
 27144 | D:13     | Killed Nessos the sun moth
 27723 | D:14     | Reached skill level 10 in Armour
 27851 | D:14     | Noticed Frances
 27866 | D:14     | Killed Frances
 27866 | D:14     | Charmed Frances
 28407 | D:15     | Entered Level 15 of the Dungeon
 28492 | D:15     | Found a portal to a secret trove of treasure.
 28557 | D:15     | Reached XP level 16. HP: 134/134 MP: 25/25
 29160 | D:15     | Found a staircase to the Depths.
 29596 | Snake:1  | Entered Level 1 of the Snake Pit
 29808 | Snake:1  | Identified the +12 quarterstaff of Agony {freeze, SInv
                  | Stlth+}
 29927 | Snake:1  | Reached skill level 15 in Fighting
 31382 | Snake:2  | Identified the serpent talisman of the Fae God {Str+3}
 31382 | Snake:2  | Noticed Aizul
 31391 | Snake:2  | Killed Aizul
 31777 | Snake:2  | Reached skill level 5 in Dodging
 32144 | Snake:2  | Noticed Saint Roka
 32152 | Snake:2  | Your ally Aizul died
 32154 | Snake:2  | Your ally Frances died
 32472 | Snake:2  | Acquired 737 gold pieces
 32589 | Snake:2  | Reached XP level 17. HP: 99/142 MP: 9/26
 32604 | Snake:2  | Killed Saint Roka
 32604 | Snake:2  | Charmed Saint Roka
 32798 | Snake:2  | Noticed Azrael
 32805 | Snake:2  | Killed Azrael
 33189 | Snake:3  | Noticed Bai Suzhen
 33250 | Snake:3  | Noticed Vashnia
 33542 | Snake:3  | Noticed Nikola
 33562 | Snake:3  | Killed Nikola
 33621 | Snake:3  | Your ally Nikola died
 33882 | Snake:3  | Your ally Saint Roka died
 34747 | Swamp:1  | Entered Level 1 of the Swamp
 34873 | Swamp:1  | Noticed Jorgrun
 34898 | Swamp:1  | Killed Jorgrun
 35665 | Swamp:2  | Found a runed translucent gate.
 35666 | Swamp:2  | Found a runed translucent gate.
 35667 | Swamp:2  | Found a runed translucent gate.
 35670 | Swamp:2  | Noticed Karaet's ghost (adept MiFi)
 36111 | Swamp:2  | Killed Karaet's ghost
 36324 | Swamp:2  | Identified the +0 helmet of Pantheism {*Corrode rC+ Str+5}
 36327 | Swamp:2  | Identified the +3 ring mail of Theory {Rampage Will- Dex+6
                  | Stlth+}
 36536 | Swamp:3  | Identified the +1 trident of Untruth {flame, Int+7}
 37143 | Swamp:3  | Reached XP level 18. HP: 149/149 MP: 28/28
 37284 | Swamp:3  | Identified the +2 pair of boots of Ydu Toz {Dex+2}
 38044 | Swamp:4  | Entered Level 4 of the Swamp
 39150 | Swamp:4  | Noticed the 27-headed Lernaean hydra
 39169 | Swamp:4  | Killed the 27-headed Lernaean hydra
 39169 | Swamp:4  | Charmed the 27-headed Lernaean hydra
 39263 | Swamp:4  | Reached skill level 15 in Invocations
 39272 | Swamp:4  | Got a decaying rune of Zot
 39728 | Snake:3  | Killed Bai Suzhen
 39751 | Snake:3  | Killed Vashnia
 40081 | Snake:3  | Found Iseblic's Distillery.
 40173 | Snake:4  | Entered Level 4 of the Snake Pit
 40181 | Snake:4  | Reached skill level 10 in Shields
 40303 | Snake:4  | Noticed Asterion
 40310 | Snake:4  | Killed Asterion
 40400 | Snake:4  | Identified the +10 quarterstaff of Law {pain, rF+ rC+ rN+
                  | Stlth+}
 40932 | Snake:4  | Reached XP level 19. HP: 141/155 MP: 6/30
 41408 | Snake:4  | Got a serpentine rune of Zot
 41965 | Elf:1    | Entered Level 1 of the Elven Halls
 42339 | Elf:1    | Reached skill level 5 in Throwing
 42524 | Elf:1    | Paralysed by an air elemental for 1 turns
 43192 | Elf:1    | Learned a level 1 spell: Apportation
 43195 | Elf:1    | Learned a level 2 spell: Lesser Beckoning
 43831 | Abyss:2  | Found a corrupted altar of Lugonu.
 43831 | Abyss:2  | Cast into level 2 of the Abyss (+2 short sword of
                  | distortion)
 43864 | Abyss:2  | Found a corrupted altar of Lugonu.
 43873 | Abyss:2  | Found a corrupted altar of Lugonu.
 43873 | Abyss:2  | Found a corrupted altar of Lugonu.
 43929 | Abyss:2  | Reached skill level 1 in Translocations
 44025 | Abyss:3  | Found an opulent altar of Gozag.
 44193 | Abyss:3  | Noticed a profane servitor
 44208 | Abyss:3  | Killed a profane servitor
 44303 | Elf:2    | Escaped the Abyss
 44624 | Elf:2    | Found a runed translucent gate.
 44624 | Elf:2    | Found a runed translucent gate.
 44624 | Elf:2    | Found a runed translucent gate.
 44766 | Elf:2    | Noticed Louise
 44772 | Elf:2    | Killed Louise
 45592 | Elf:2    | Your ally Louise died
 45811 | Elf:3    | Entered Level 3 of the Elven Halls
 45842 | Elf:3    | Reached XP level 20. HP: 164/164 MP: 31/31
 45912 | Elf:3    | Identified the +1 chain mail of Servitude {rF+}
 46057 | Elf:3    | Paralysed by an air elemental for 1 turns
 46063 | Elf:3    | Paralysed by an air elemental for 1 turns
 46216 | Elf:3    | Reached skill level 5 in Spellcasting
 46425 | Elf:3    | Paralysed by an air elemental for 1 turns
 46981 | Elf:3    | Identified the +6 long sword of Loceilel {heavy, *Noise
                  | rF+++ rN+ Stlth-}
 47208 | Elf:3    | Identified the +8 hand axe of Greatest Utility {freeze, rF+
                  | Will+ Str+2}
 47208 | Elf:3    | Identified the +2 scale mail of Com Yque {rF- rC++}
 47384 | Elf:3    | Identified the +1 leather armour "Ceeppuj" {^Contam Will+++
                  | Str+6 Int-5}
 47450 | Elf:3    | Identified the +4 leather armour of the Turtle {*Corrode
                  | rPois Dex+2}
 47465 | Elf:3    | Identified the +0 helmet of Qaiw {+Blink}
 47736 | Elf:3    | Identified the +6 arbalest of the Dark Horse {flame, rF+
                  | Will+}
 47862 | Elf:3    | Got Sif Muna's Discourse on Iron Calling
 47865 | Elf:3    | Identified the +0 pair of gloves "Echapede" {rElec rC+
                  | Str+3}
 48643 | D:5      | Bought a scroll of teleportation for 33 gold pieces
 48643 | D:5      | Bought a scroll of vulnerability for 44 gold pieces
 48643 | D:5      | Bought a scroll of blinking for 82 gold pieces
 48643 | D:5      | Bought a scroll of immolation for 44 gold pieces
 48678 | D:5      | Bought a scroll of teleportation for 45 gold pieces
 48678 | D:5      | Bought a scroll of vulnerability for 60 gold pieces
 48678 | D:5      | Bought a scroll of brand weapon for 142 gold pieces
 48678 | D:5      | Bought a scroll of poison for 60 gold pieces
 48762 | D:10     | Bought a scroll of teleportation for 48 gold pieces
 48762 | D:10     | Bought a scroll of fear for 64 gold pieces
 48762 | D:10     | Bought a scroll of teleportation for 48 gold pieces
 48762 | D:10     | Bought a scroll of teleportation for 48 gold pieces
 48866 | Vaults:1 | Entered Level 1 of the Vaults
 48893 | Vaults:1 | Reached skill level 5 in Evocations
 48920 | Vaults:1 | Your ally bound 27-headed Lernaean hydra died
 49943 | Vaults:1 | Found Gonimoybb's Armour Emporium.
 50578 | Vaults:2 | Reached XP level 21. HP: 147/170 MP: 30/32
 51057 | Vaults:2 | Found a staircase to the Crypt.
 51425 | Vaults:2 | Found Duej's Weapon Boutique.
 51785 | Vaults:3 | Reached skill level 5 in Translocations
 51850 | Vaults:3 | Found Kawisk's Antique Armour Emporium.
 51863 | Vaults:3 | Bought a translucent chain mail for 256 gold pieces
 51863 | Vaults:3 | Identified the +0 chain mail of the Hidden Loving Yaks
                  | {rElec} (You bought it in a shop on level 3 of the Vaults)
 52419 | Vaults:3 | Reached skill level 15 in Polearms
 52937 | Vaults:3 | Reached skill level 15 in Armour
 53682 | Vaults:4 | Noticed Norris
 53694 | Vaults:4 | Killed Norris
 53734 | Vaults:4 | Your ally Norris died
 54862 | Vaults:4 | Found the ring of the Hare {EV+10}
 54983 | Vaults:4 | Learned a level 4 spell: Martyr's Knell
 55209 | Depths:1 | Entered Level 1 of the Depths
 55239 | Depths:1 | Noticed Plog's ghost (veteran TeGl)
 55254 | Depths:1 | Found a runed translucent door.
 55265 | Depths:1 | Reached XP level 22. HP: 177/177 MP: 35/35
 55282 | Depths:1 | Found a gateway to Hell.
 55439 | Depths:1 | Found Ucrofuff's Book Emporium.
 55442 | Depths:1 | Found Atiged's Jewellery Boutique.
 55443 | Depths:1 | Found Minlulon's Book Emporium.
 55449 | Depths:1 | Bought a book of Minor Magic for 304 gold pieces
 55452 | Depths:1 | Learned a level 2 spell: Blink
 55456 | Depths:1 | Bought a book of Spontaneous Combustion for 494 gold pieces
 55462 | Depths:1 | Learned a level 5 spell: Irradiate
 56153 | Depths:1 | Identified the +3 ring mail of Rirelomm {rElec Will+ Int+6
                  | Dex+3}
 56241 | Depths:1 | Found the +2 hat of the Bear Spirit {Spirit, Bear, *Rage
                  | Will++}
 56500 | Depths:1 | Killed Plog's ghost
 56716 | Orc:2    | Bought an amulet of reflection for 450 gold pieces
 56923 | Depths:2 | Reached skill level 1 in Necromancy
 56963 | Depths:2 | Reached skill level 1 in Summonings
 56963 | Depths:2 | Reached skill level 1 in Alchemy
 57081 | Depths:2 | Noticed an ancient lich
 57093 | Depths:2 | Killed an ancient lich
 57106 | Depths:2 | Got Cigotuvi's Grimoire of the Crypt
 57118 | Depths:2 | Identified the +4 ring mail "Jaemp" {rF+ Str+3}
 57799 | Depths:2 | Found Nets's Antique Armour Emporium.
 57809 | Depths:2 | Bought a dazzling plate armour for 700 gold pieces
 57809 | Depths:2 | Identified the +0 plate armour of Inevitability {rCorr}
                  | (You bought it in a shop on level 2 of the Depths)
 57846 | Depths:2 | Found a one-way gate leading to the halls of Pandemonium.
 59165 | Depths:3 | Upgraded the game from 0.32-a0-128-g77eb882913 to
                  | 0.32-a0-132-g2d33c3cfaf
 59207 | Depths:3 | Reached skill level 10 in Spellcasting
 59398 | Depths:3 | Found a one-way gate to the infinite horrors of the Abyss.
 60073 | Depths:3 | Identified the +9 shortbow of Guilt {antimagic, rElec
                  | rCorr}
 60085 | Depths:3 | Identified the +3 falchion of Fyq Otryuz {pain, rN++}
 60355 | Depths:4 | Entered Level 4 of the Depths
 60380 | Depths:4 | Reached XP level 23. HP: 183/183 MP: 37/37
 60559 | Depths:4 | Reached skill level 10 in Throwing
 60972 | Depths:4 | Found Luvopn's Distillery.
 61071 | Depths:4 | Found a one-way gateway to a ziggurat.
 61758 | Depths:4 | Found a gate to the Realm of Zot.
 62371 | Crypt:1  | Entered Level 1 of the Crypt
 63036 | Crypt:1  | Reached skill level 10 in Dodging
 63560 | Crypt:1  | Got the Book of the Quake
 63683 | Crypt:1  | Learned a level 3 spell: Passwall
 63784 | Crypt:2  | Found an ancient bone altar of Kikubaaqudgha.
 63886 | Crypt:2  | Reached skill level 1 in Earth Magic
 65105 | Crypt:3  | Entered Level 3 of the Crypt
 65712 | Crypt:3  | Noticed Mennas
 66339 | Orc:2    | Bought a scroll of teleportation for 72 gold pieces
 66339 | Orc:2    | Bought a scroll of fog for 96 gold pieces
 66393 | Orc:1    | Bought 4 javelins for 132 gold pieces
 66393 | Orc:1    | Bought 6 silver javelins for 594 gold pieces
 66393 | Orc:1    | Bought 3 javelins for 99 gold pieces
 66393 | Orc:1    | Bought 3 javelins for 99 gold pieces
 66674 | Vaults:5 | Entered Level 5 of the Vaults
 66690 | Vaults:5 | Reached XP level 24. HP: 191/191 MP: 37/37
 67527 | Vaults:5 | Identified the +3 war axe of Red Wine {pain, rN+ Dex+2}
 67532 | Vaults:5 | Reached skill level 5 in Earth Magic
 67814 | Vaults:5 | Noticed Boris
 67836 | Vaults:5 | Killed Boris
 69047 | Vaults:5 | Identified the +3 robe of Naapp {^Contam rF+ rN+ Str+2}
 69053 | Vaults:5 | Noticed a dread lich
 69194 | Vaults:4 | Killed a dread lich
 69365 | Vaults:5 | Got a silver rune of Zot
 69787 | Vaults:5 | Found the +8 Wrath of Trog {antimagic, *Rage Rampage}
 70105 | Depths:1 | Learned a level 4 spell: Iskenderun's Mystic Blast
 70105 | Depths:1 | Bought Great Wizards, Vol. VII for 390 gold pieces
 70111 | Depths:1 | Learned a level 5 spell: Yara's Violent Unravelling
 70248 | Zot:1    | Entered Level 1 of the Realm of Zot
 71511 | Zot:1    | Reached XP level 25. HP: 125/197 MP: 25/37
 72018 | Zot:2    | Found the +4 dragonskin cloak
 72018 | Zot:2    | Noticed Tiamat
 72049 | Zot:2    | Noticed Grunn
 72450 | Zot:2    | Reached skill level 15 in Shields
 73327 | Zot:2    | Tiamat changed into Tiamat the caustic shrike
 73327 | Zot:2    | Noticed Tiamat
 73339 | Zot:2    | Killed Tiamat the caustic shrike
 73534 | Zot:2    | Your ally Tiamat died
 73541 | Zot:2    | Killed Grunn
 74146 | Zot:4    | Reached skill level 15 in Throwing
 74226 | Zot:4    | Noticed an orb of fire
 74228 | Zot:4    | Noticed a dread lich
 74489 | Zot:4    | Found a shimmering blue altar of Sif Muna.
 74492 | Zot:4    | Found a transporter.
 75008 | Zot:3    | Found a transporter.
 75387 | Zot:3    | Noticed an orb of fire
 75405 | Zot:3    | Killed an orb of fire
 75411 | Zot:3    | Found a transporter.
 75576 | Zot:3    | Identified the +5 trident "Ysisek" {freeze, +Blink rF+ rN+
                  | Will+}
 76608 | Zot:3    | Found a transporter.
 76659 | Zot:3    | Found a transporter.
 76815 | Zot:5    | Entered Level 5 of the Realm of Zot
 77313 | Zot:5    | Noticed an orb of fire
 77754 | Zot:5    | Noticed an ancient lich
 77817 | Zot:5    | Reached XP level 26. HP: 204/204 MP: 39/39
 78125 | Zot:5    | Killed an ancient lich
 78383 | Zot:5    | Noticed an ancient lich
 78408 | Zot:5    | Noticed an orb of fire
 78410 | Zot:5    | Noticed an orb of fire
 78410 | Zot:5    | Noticed an orb of fire
 78410 | Zot:5    | Noticed an orb of fire
 79771 | Crypt:3  | Noticed Khufu
 79818 | Crypt:3  | Got the Grimoire of Darkness
 80063 | Crypt:3  | Identified the +0 plate armour of Xecink {rC+++ rN+++ Will+
                  | MP-9}
 80183 | Crypt:3  | Noticed a dread lich
 80197 | Crypt:3  | Killed a dread lich
 80199 | Crypt:3  | Found a basalt altar of Yredelemnul.
 80307 | Crypt:3  | Killed Khufu
 80571 | Crypt:3  | Found a staircase to the Tomb.
 81188 | Slime:1  | Entered Level 1 of the Pits of Slime
 81820 | Slime:3  | You fall into a shaft and drop 1 floor!
 82230 | Slime:5  | Entered Level 5 of the Pits of Slime
 82241 | Slime:5  | Noticed Dissolution
 82268 | Slime:5  | Banished Dissolution
 82269 | Slime:5  | Reached skill level 15 in Spellcasting
 82690 | Slime:5  | Noticed the Royal Jelly
 82711 | Slime:5  | the Royal Jelly changed into a frost giant shaped Royal
                  | Jelly
 82711 | Slime:5  | Noticed a frost giant shaped Royal Jelly
 83057 | Slime:5  | Banished a frost giant shaped Royal Jelly
 83209 | Slime:5  | Found a viscous altar of Jiyva.
 83275 | Slime:5  | Reached skill level 10 in Evocations
 84856 | Zot:5    | Killed an orb of fire
 85007 | Zot:5    | Killed an orb of fire
 85628 | Zot:5    | Banished an orb of fire
 86412 | Zot:5    | Noticed an orb of fire
 86946 | Zot:5    | Banished an orb of fire
 87188 | Zot:5    | Noticed an orb of fire
 87848 | Zot:5    | Killed an orb of fire
 88081 | Zot:5    | Killed an orb of fire
 89885 | Zot:5    | Reached XP level 27. HP: 210/210 MP: 42/42
 90270 | Zot:5    | Killed an ancient lich
 90821 | Zot:5    | Got the Orb of Zot
 90856 | Zot:5    | Noticed Itofuatuo the pandemonium lord
 90873 | Zot:4    | Noticed Boris
 90943 | Zot:1    | Noticed a seraph
 91231 | D:6      | Noticed a seraph
 91322 | D:$      | Escaped with the Orb!

Illustrated notes

Levels and vault maps discovered:
D:1:      orjb1_lava_funnel, layout_loops_cross, minivault_5,
          chequers_serial_rivers_micro_b, minmay_misc_feat_rugged,
          minmay_stone_trees_medium, kennysheep_boxes
D:2:      layout_loops_ring, minmay_tiny_reverse_x, uniq_crazy_yiuf_cottage
D:3:      layout_basic, grunt_temple_overflow_open, serial_shops,
          nicolae_shop_stone, shop, shop_statue, nicolae_shop_hallway_plus,
          nicolae_shop_hallway_plus
D:4:      layout_basic
D:5:      layout_loops_ring, nicolae_overflow_hidden_temple, serial_shops,
          nicolae_shop_peninsula, shop, shop, uniq_blork_the_orc, uniq_ijyb
D:6:      layout_basic, serial_shops, kennysheep_little_box
D:7:      layout_layer_cave
D:8:      layout_basic, good_gods_mini_temple, grunt_qazlal_sundering,
          hellmonk_lair_entry_icy, uniq_joseph
D:9:      layout_loops_ring, mainiacjoe_overflow_big_doors
D:10:     layout_roguey, lemuel_tele_altar, nemelex_altar_shiori, orc_0_dummy,
          serial_shops, kennysheep_mini_moat, shop, shop,
          hangedman_decor_diamond_cutter, serial_park_tiny_pond
D:11:     layout_rooms, minmay_shattered_shrine, uniq_psyche
D:12:     layout_loops_cross, serial_shops, shop
D:13:     layout_basic, erik_vaults_1, uniq_nessos, uniq_erolcha
D:14:     layout_small_grid, nicolae_cairo_tiling_large_dashed, uniq_frances
D:15:     grunt_enter_depths_magical_seal, layout_rooms, enter_trove_2,
          minmay_misc_feat_columns
Temple:   grunt_temple_mini_profane
Lair:1:   layout_loops_ring, serial_bayou_shore_b, serial_bayou_shore_a,
          serial_bayou_shore_b, lemuel_fruit_tree
Lair:2:   layout_cave_pods, serial_bayou_pond_c, lemuel_fruit_fields,
          grunt_megastairs_2, uniq_gastronok
Lair:3:   layout_hall_layers, nicolae_swamp_entry_splash_gauntlet,
          alex1729_snake_entry_snake
Lair:4:   layout_cave_shapes, basic_altar, cheibrodos_lair_lostbears
Lair:5:   wormcave, layout_cave_pods, hangedman_lair_in_review,
          dpeg_slime_entry_enclosed, pdpol_lair_cavern_descent
Swamp:1:  layout_basic_swamp, nicolae_swamp_trees_clearing, uniq_jorgrun
Swamp:2:  layout_basic_swamp, gammafunk_ghost_necromancy,
          hangedman_swamp_ruin_hall, swamp_pool_1_2
Swamp:3:  nicolae_swamp_flooded_prison, layout_falls_marsh,
          evilmike_swamp_ruin_rubble_2
Swamp:4:  swamp_old_school, layout_basic_swamp, swamp_pool_1_2
Snake:1:  layout_chambers
Snake:2:  layout_basic, uniq_saint_roka, uniq_aizul, uniq_azrael
Snake:3:  layout_basic, serial_shops, shop, grunt_megastairs_5, uniq_nikola,
          uniq_vashnia, uniq_bai_suzhen
Snake:4:  hellmonk_snake_rune_quicksilver_temple, layout_misc_corridors,
          uniq_asterion
Slime:1:  layout_caves
Slime:2:  layout_caves, nicolae_slime_round_cave
Slime:3:  layout_caves
Slime:4:  cheibrodos_slime_lost_civilization_2, layout_caves
Slime:5:  slime_pit_nicolae_trefoil, uniq_dissolution
Orc:1:    layout_caves, nicolae_shop_firing_range, uniq_sonja, uniq_harold
Orc:2:    st_orc_rangers, layout_diamond_mine, serial_shops,
          nicolae_shop_tiny_real_fake_doors, elves_outpost_lemuel, uniq_maurice
Elf:1:    nicolae_elf_arrival_fired_up, layout_gridlike, minivault_28,
          small_statue_intersection, grunt_ministairs_6,
          minmay_misc_feat_pillars, drop_trap
Elf:2:    nicolae_elf_blades_splatter_lattice [nicolae_blade_tridents],
          layout_geoelf_grid, lemuel_flamethrower_1, uniq_louise
Elf:3:    minmay_elf_hall_curves, layout_loops_corners
Vaults:1: vaults_room_pools, ontoclasm_vaults_bender, nicolae_vaults_gold_heap,
          nicolae_vaults_theta, grunt_vaults_focal, nicolae_vaults_rhombus_6,
          ontoclasm_vaults_shuriken, v_alt_pattern_6, ontoclasm_vaults_eye,
          layout_vaults_omnicross, serial_shops, shop
Vaults:2: nicolae_vaults_sesquioval_fish,
          serial_library_regret_index_small_wings, kb_rosetta,
          minmay_crypt_entry_simple_sparse, grunt_vaults_twisty, v_misc_12,
          vaults_mumra_chevron, nicolae_vaults_angled_halls,
          nicolae_vaults_tetromino_L_2, nicolae_vaults_big_ls,
          layout_vaults_maze_snakey, serial_shops, nicolae_shop_real_fake_doors
Vaults:3: vaults_room_grid, hangedman_vaults_variations, v_misc_22,
          nicolae_vaults_asterisk, grunt_vaults_swirl, nicolae_vaults_meeting,
          v_misc_2, nicolae_vaults_back_hallway, nicolae_vaults_alarming,
          nicolae_vaults_specimen_jars, ontoclasm_vaults_pinch,
          nicolae_vaults_little_squares_6, nicolae_vaults_lightning_bolt,
          layout_vaults_ring, serial_shops, shop
Vaults:4: nicolae_vaults_mush_room, nicolae_vaults_three_branches,
          nicolae_vaults_diamond_2, nicolae_vaults_shelves_hall,
          nicolae_vaults_stairing_the_circle, hangedman_vaults_locks,
          nicolae_vaults_six-pack, layout_vaults_big_room, uniq_norris
Vaults:5: serial_shops, uniq_boris
Crypt:1:  layout_basic, serial_library_hellmonk_metal_room,
          grunt_crypt_arrival_webbed
Crypt:2:  layout_chaotic_city, lemuel_statue_altar,
          nicolae_crypt_fancy_cubbyholes, st_burial_chamber
Crypt:3:  cryptofortress_bobbens, uniq_khufu, uniq_mennas
Depths:1: layout_gridlike, hangedman_coc_ice_floe, hangedman_decor_riveting,
          hellmonk_ghost_big_iron, serial_sigils_hangedman_stare,
          fake_guardian_serpent_vault, minmay_shop_grove
Depths:2: bobbens_index_wilting_gardens, layout_gridlike, serial_bayou,
          serial_bayou_crossing, serial_bayou_lake_a, serial_bayou_shore_b,
          serial_bayou_pond_d, rand_demon_pan_entry_8, serial_shops,
          nicolae_shop_tiny_glass, hell_entry, nicolae_danse_macabre
Depths:3: grunt_house_of_mirrors, layout_cave_pools, grunt_decor_clamped,
          abyss_entry_crystal, pf_hell_entry_tar_spiral, firewood_loft
Depths:4: grunt_zot_entry_pinwheel, layout_gridville, enter_ziggurat_e,
          hell_entry, abyss_entry, pan_entry, serial_shops, shop,
          minmay_gold_behind_fungi
Zot:1:    layout_basic
Zot:2:    layout_misc_corridors, lemuel_elevator, uniq_tiamat, uniq_grunn
Zot:3:    gammafunk_its_a_trap, layout_misc_corridors
Zot:4:    gammafunk_sealed_library, layout_cathedral_of_symmetry,
          hangedman_zot_decor_scrapings
Zot:5:    layout_twisted_circle, hangedman_zot_decor_tridents, nrook_zot_tub

Skill      XL: |  1  2  3  4  5  6  7  8  9 10 11 12 13 14 15 16 17 18 19 20 21 22 23 24 25 26 27 |
---------------+----------------------------------------------------------------------------------+-----
Polearms       | 3 4 5 6 7 9 11 12 13 14 15 | 15.9
Shields        | 1 2 3 4 5 6 8 10 11 12 13 14 15 | 15.9
Armour         | 1 2 4 6 7 8 10 11 12 13 14 15 | 15.9
Fighting       | 3 4 5 7 8 9 10 11 13 14 15 | 15.9
Invocations    | 3 6 8 10 12 13 14 15 | 15.9
Dodging        | 3 5 7 8 9 10 12 13 14 | 14.6
Evocations     | 3 4 5 6 7 12 13 | 13.0
Throwing       | 2 3 4 6 7 8 9 13 14 15 | 15.9
Spellcasting   | 4 7 9 10 12 15 | 15.9
Translocations | 2 4 6 7 |  7.0
Necromancy     | 2 |  2.7
Summonings     | 2 |  2.4
Alchemy        | 2 |  2.3
Conjurations   | 3 |  3.4
Earth Magic    | 3 7 |  7.0

Action                     |  1- 3 |  4- 6 |  7- 9 | 10-12 | 13-15 | 16-18 | 19-21 | 22-24 | 25-27 || total
---------------------------+-------+-------+-------+-------+-------+-------+-------+-------+-------++-------
  Melee: Spear             |   124 |   273 |    54 |       |       |       |       |       |       ||   451
         Punch             |     1 |       |       |       |       |       |       |       |       ||     1
         Trident           |       |       |   465 |    93 |       |       |       |       |   638 ||  1196
         Demon trident     |       |       |       |   331 |   897 |   966 |  1161 |  1815 |   819 ||  5989
  Throw: Stone             |       |     3 |     6 |     8 |       |       |       |       |       ||    17
         Dart              |       |       |     7 |     4 |     1 |     1 |       |     3 |     2 ||    18
         Throwing net      |       |       |     2 |       |       |     3 |       |     6 |     9 ||    20
         Boomerang         |       |       |       |     5 |     1 |     6 |     1 |    29 |   138 ||   180
         Javelin           |       |       |       |       |       |       |       |    10 |    18 ||    28
   Cast: Kiss of Death     |     1 |     1 |       |       |       |       |       |       |       ||     2
         Blink             |       |       |       |       |       |       |       |     1 |     4 ||     5
         Apportation       |       |       |       |       |       |       |       |     2 |    11 ||    13
         Passwall          |       |       |       |       |       |       |       |       |     4 ||     4
 Invoke: Recall Undead Har |       |       |       |     1 |     9 |    18 |    17 |     8 |    11 ||    64
         Bind Soul         |       |       |       |       |     5 |     4 |     3 |     8 |     6 ||    26
         Drain Life        |       |       |       |       |     1 |     3 |     3 |       |       ||     7
         Stop Recall       |       |       |       |       |       |       |     1 |       |       ||     1
  Evoke: Wand              |     2 |     7 |    12 |    14 |    13 |     8 |    14 |    41 |    40 ||   151
         Sack of spiders   |       |       |       |       |       |       |       |     4 |     4 ||     8
         Lightning rod     |       |       |       |       |       |       |       |     3 |     8 ||    11
         Tin of tremorston |       |       |       |       |       |       |       |     2 |     3 ||     5
         Phantom mirror    |       |       |       |       |       |       |       |     1 |     4 ||     5
    Use: Scroll            |     2 |     4 |     5 |    11 |     3 |     9 |    11 |    22 |    44 ||   111
   Stab: Distracted        |       |       |       |     2 |    15 |    25 |    17 |    29 |    27 ||   115
         Petrified         |       |       |       |       |    15 |       |       |       |       ||    15
         Held in net/web   |       |       |       |       |       |     3 |       |     3 |     6 ||    12
         Betrayed ally     |       |       |       |       |       |       |       |       |     1 ||     1
 Armour: Leather armour    |    36 |    59 |       |       |       |       |       |       |       ||    95
         Scale mail        |       |    67 |    63 |       |    87 |   409 |   156 |       |       ||   782
         Chain mail        |       |       |   282 |   177 |   229 |       |    76 |       |       ||   764
         Plate armour      |       |       |       |       |       |       |   262 |   776 |   692 ||  1730
  Dodge: Dodged            |    43 |    75 |   165 |   138 |   334 |   407 |   349 |   734 |   635 ||  2880
  Block: Buckler           |    11 |    24 |    84 |    58 |   133 |    35 |       |       |       ||   345
         Kite shield       |       |       |       |       |       |   282 |   458 |  1148 |   631 ||  2519
         Reflection        |       |       |       |       |       |    29 |    80 |    31 |    14 ||   154

Table legend: (Time is in decaauts)
 A = Elapsed time spent in this place.
 B = Non-inter-level travel time spent in this place.
 C = Inter-level travel time spent in this place.
 D = Time resting spent in this place.
 E = Time spent auto-exploring this place.
 F = Levels seen in this place.
 G = Mean time per level.
                   A        B        C        D        E       F      G
               +--------+--------+--------+--------+--------+-----+--------+
         Total |  89444 |  80651 |   8793 |  16193 |  44628 |  58 | 1542.1 |
       Dungeon |  21534 |  17923 |   3611 |   1472 |  12630 |  15 | 1435.6 |
        Temple |     14 |      7 |      7 |      0 |      0 |   1 |   14.0 |
          Lair |   7567 |   6638 |    929 |    606 |   4543 |   5 | 1513.4 |
         Swamp |   4790 |   4609 |    181 |   1062 |   2500 |   4 | 1197.5 |
     Snake Pit |   7159 |   6623 |    536 |   1480 |   3678 |   4 | 1789.8 |
    Slime Pits |   2747 |   2653 |     94 |    852 |    972 |   5 |  549.4 |
  Orcish Mines |   2605 |   2176 |    429 |    391 |   1266 |   2 | 1302.5 |
   Elven Halls |   5933 |   5669 |    264 |   1683 |   2569 |   3 | 1977.7 |
        Vaults |   9695 |   8763 |    932 |   1696 |   4600 |   5 | 1939.0 |
         Crypt |   4963 |   4611 |    352 |    381 |   2380 |   3 | 1654.3 |
        Depths |   7288 |   6487 |    801 |   1489 |   3345 |   4 | 1822.0 |
           Zot |  14708 |  14057 |    651 |   4972 |   6143 |   5 | 2941.6 |
         Abyss |    434 |    434 |      0 |    107 |      0 |   2 |  217.0 |
               +--------+--------+--------+--------+--------+-----+--------+

Top non-repeatable levels by time:
   Zot:5: 8163 daAuts
Vaults:5: 2859 daAuts
   Elf:3: 2584 daAuts
 Snake:2: 2568 daAuts
     D:5: 2474 daAuts
  Lair:5: 2399 daAuts
Depths:4: 2207 daAuts
   Zot:1: 2020 daAuts
Vaults:1: 1942 daAuts
Depths:3: 1942 daAuts
   Elf:2: 1894 daAuts
     D:8: 1875 daAuts
Vaults:3: 1835 daAuts
 Crypt:3: 1796 daAuts
     D:6: 1785 daAuts
